 Dungeon Crawl Stone Soup version 0.30-a0-1043-g60ff8d5f49 (webtiles) character file.

Game seed: 13181199574180469487

4587 bande the Cleaver (level 10, 0/63 HPs)
             Began as a Gargoyle Fighter on Apr 10, 2023.
             Was an Initiate of Okawaru.
             Slain by an ettin zombie (16 damage)
             ... on level 1 of the Abyss.
             The game lasted 00:14:46 (7154 turns).

bande the Cleaver (Gargoyle Fighter)                Turns: 7154, Time: 00:14:47

Health: 0/63       AC: 40    Str: 22    XL:     10   Next: 41%
Magic:  11/11      EV:  6    Int: 10    God:    Okawaru [......]
Gold:   453        SH:  5    Dex: 13    Spells: 9/9 levels left

rFire   + . .      SeeInvis +    a - +1 war axe
rCold   . . .      Faith    .    c - +0 buckler
rNeg    + . .      Spirit   .    j - +10 plate armour of an ice cave {rElec}
rPois   ∞          Reflect  .    (no helmet)
rElec   +          Rampage  .    z - scarf "Ferch" {shadows, rPois rF+ Str+3 SInv}
rCorr   .                        f - +1 pair of gloves
Will    .....                    (no boots) Stlth
                                 (no amulet)
HPRegen 0.30/turn                k - +4 ring of protection
MPRegen 0.12/turn                v - +4 ring of protection

@: no status effects
A: sickness immunity, AC +7, negative energy resistance 1, electricity
resistance, torment resistance 1, petrification resistance
a: Renounce Religion


You were on level 1 of the Abyss.
You worshipped Okawaru.
Okawaru was noncommittal.
You visited 2 branches of the dungeon, and saw 9 of its levels.
You visited the Abyss 1 time.

You collected 453 gold pieces.

Inventory:

Hand Weapons
 a - a +1 war axe (weapon)
 b - a +0 flail of holy wrath
Missiles
 y - a throwing net (quivered)
Armour
 c - a +0 buckler (worn)
 f - a +1 pair of gloves (worn)
 j - the +10 plate armour of an ice cave (worn) {rElec}
   (You found it on level 4 of the Dungeon)

   rElec:     It insulates you from electricity.
 z - the scarf "Ferch" (worn) {shadows, rPois rF+ Str+3 SInv}
   (You found it on level 6 of the Dungeon)

   Str:       It affects your strength (+3).
   rF:        It protects you from fire.
   rPois:     It protects you from poison.
   SInv:      It lets you see invisible.
Jewellery
 k - a +4 ring of protection (left hand)
 v - a +4 ring of protection (right hand)
 x - a ring of fire
Wands
 i - a wand of iceblast (8)
 m - a wand of paralysis (9)
Scrolls
 h - 2 scrolls of poison
 n - 4 scrolls of teleportation
 o - a scroll of enchant armour
 t - a scroll of blinking
 w - a scroll of enchant weapon
Potions
 d - 2 potions of haste
 e - a potion of berserk rage
 g - a potion of brilliance
 l - 2 potions of heal wounds
 p - a potion of flight
 q - 3 potions of degeneration
 r - 3 potions of might
 u - a potion of mutation
 A - a potion of curing {unknown}


   Skills:
 + Level 7.0 Fighting
 + Level 9.3 Axes
 + Level 6.6 Armour
 + Level 5.9 Shields
 * Level 1.8 Invocations
 * Level 5.7 Evocations


You had 9 spell levels left.
You didn't know any spells.
Your spell library was empty.

Dungeon Overview and Level Annotations

Branches:
Dungeon (8/15)             Temple (1/1) D:7
   Lair: D:8-11

Altars:
Cheibriados
Dithmenos
Elyvilon
Fedhas
Hepliaklqana
Okawaru
Qazlal
Ru
Sif Muna
Uskayaw
Vehumet
Xom
Zin

Shops:
D:3 *

Annotations:
D:8 Grum, Psyche


Innate Abilities, Weirdness & Mutations

You are immune to sickness and miasma.
Your stone body is resilient. (AC +7)
You are immune to poison.
You resist negative energy. (rN+)
You are resistant to electric shocks. (rElec)
You are resistant to unholy torment.
You are immune to petrification.


Message History

The ettin zombie is moderately damaged.
The ettin zombie hits you but does no damage.
The ettin zombie hits you!
You slash the ettin zombie!
The ettin zombie is moderately damaged.
You slash the ettin zombie!
The ettin zombie is heavily damaged.
The ettin zombie barely misses you. The ettin zombie hits you.
You slash the ettin zombie!
The ettin zombie is heavily damaged.
The ettin zombie hits you but does no damage.
The ettin zombie hits you.
You hit the ettin zombie.
The ettin zombie is heavily damaged.
You block the ettin zombie's attack.
The ettin zombie hits you but does no damage.
You slash the ettin zombie!
The ettin zombie is severely damaged.
You block the ettin zombie's attack. x2
You completely miss the ettin zombie.
The ettin zombie is severely damaged.
The ettin zombie hits you! The ettin zombie hits you.
You are too injured to fight recklessly!
You are too injured to fight recklessly!
You are too injured to fight recklessly!
You are too injured to fight recklessly!
You are too injured to fight recklessly!
You are too injured to fight recklessly!
You are too injured to fight recklessly!
You are too injured to fight recklessly!
You slash the ettin zombie!
The ettin zombie is severely damaged.
You hit the ettin zombie.
The ettin zombie is severely damaged.
The ettin zombie barely misses you. The ettin zombie hits you!
* * * LOW HITPOINT WARNING * * *
You slash the ettin zombie!
The ettin zombie is almost destroyed.
The ettin zombie hits you!
You die...

. ## # ....#.
♣ .. .#.. ∩ .
..#.... ...
....... #
##.#..#. .# #
. #....# ..#
. ...
...##.#.. .
.. .##.......
#...#.@...##.
..#...Z...#
...#......#
.....##.#.#
....# .#.#
...# ..# .
### ... . . .
# # #


You could see an ettin zombie.

Vanquished Creatures
  Amaemon (D:7)
  The ghost of Pimp the Trooper, a novice DsFi (D:5)
  Sigmund (D:3)
  A yak (D:6)
  A steam dragon (D:7)
  Edmund (D:5)
  2 water moccasins
  An ice beast (D:6)
  2 orc warriors
  2 black bears
  2 ogres
  3 wolves (D:7)
  2 centaurs
  The ghost of Rudyous the Firebug, an amateur DsFE (D:3)
  A phantom (D:6)
  3 kobold brigands (D:6)
  2 bullfrogs (D:7)
  Blork the orc (D:6)
  A gnoll sergeant (D:5)
  5 scorpions
  5 killer bees (D:7)
  2 howler monkeys
  2 orc priests (D:5)
  A gnoll bouda (D:6)
  A jelly (D:5)
  A sleepcap (D:5)
  Jessica (D:3)
  5 iguanas
  An orc wizard (D:6)
  18 gnolls
  5 adders
  A shadow imp (D:3)
  3 white imps
  A worm (D:3)
  2 dart slugs
  13 orcs
  8 endoplasms
  3 giant cockroaches
  10 goblins
  8 hobgoblins
  4 jackals (D:1)
  26 kobolds
  3 quokkas
  7 ball pythons
  4 bats
  A frilled lizard (D:3)
  5 rats
  A lurking horror (Abyss:1)
176 creatures vanquished.

Vanquished Creatures (others)
  A sky beast (D:6)
  2 withered plants (D:3)
3 creatures vanquished.

Grand Total: 179 creatures vanquished

Notes
Turn   | Place    | Note
-------+----------+-------------------------------------------
     0 | D:1      | bande the Gargoyle Fighter began the quest for the Orb.
     0 | D:1      | Reached XP level 1. HP: 14/14 MP: 1/1
    61 | D:1      | Reached XP level 2. HP: 10/19 MP: 2/2
   265 | D:1      | Reached skill level 2 in Axes
   627 | D:1      | Reached XP level 3. HP: 24/24 MP: 3/3
  1370 | D:2      | Found a faded altar of an unknown god.
  1807 | D:2      | Reached XP level 4. HP: 29/29 MP: 4/4
  2021 | D:3      | Noticed an ogre
  2027 | D:3      | Killed an ogre
  2028 | D:3      | Reached skill level 3 in Axes
  2028 | D:3      | Reached skill level 1 in Evocations
  2028 | D:3      | Reached XP level 5. HP: 33/33 MP: 5/5
  2174 | D:3      | Reached XP level 6. HP: 26/38 MP: 6/6
  2319 | D:3      | Found Hounkass's General Store.
  2324 | D:3      | Noticed Sigmund
  2329 | D:3      | Killed Sigmund
  2330 | D:3      | Reached skill level 4 in Axes
  2365 | D:3      | Found a blossoming altar of Fedhas.
  2373 | D:3      | Found a runed translucent door.
  2373 | D:3      | Noticed Rudyous's ghost (amateur DsFE)
  2413 | D:3      | Found a hazy altar of Hepliaklqana.
  2413 | D:3      | Noticed Jessica
  2421 | D:3      | Killed Jessica
  2486 | D:3      | Found a glowing silver altar of Zin.
  2505 | D:3      | Reached XP level 7. HP: 44/44 MP: 7/7
  2860 | D:3      | Killed Rudyous's ghost
  3090 | D:4      | Identified the +10 plate armour of an ice cave {rElec}
  3154 | D:4      | Found a shimmering blue altar of Sif Muna.
  3314 | D:5      | Entered Level 5 of the Dungeon
  3322 | D:5      | Reached skill level 5 in Axes
  3327 | D:5      | Reached skill level 5 in Fighting
  3342 | D:5      | Noticed Edmund
  3357 | D:5      | Killed Edmund
  3358 | D:5      | Reached XP level 8. HP: 36/49 MP: 8/8
  3568 | D:5      | Identified the +8 trident of Toubol {heavy, rC+ Int+5}
  3738 | D:5      | Reached skill level 6 in Axes
  3790 | D:5      | Found a hide-covered altar of Uskayaw.
  3903 | D:5      | Reached skill level 5 in Armour
  3995 | D:5      | Found a radiant altar of Vehumet.
  4211 | D:6      | Noticed Blork the orc
  4223 | D:6      | Killed Blork the orc
  4224 | D:6      | Reached skill level 7 in Axes
  4224 | D:6      | Reached XP level 9. HP: 43/55 MP: 9/9
  4346 | D:6      | Reached skill level 5 in Shields
  4906 | D:6      | Noticed Pimp's ghost (novice DsFi)
  4907 | D:6      | Found a runed translucent gate.
  4908 | D:6      | Found a runed translucent gate.
  4909 | D:6      | Found a runed translucent gate.
  5160 | D:6      | Reached skill level 8 in Axes
  5190 | D:5      | Killed Pimp's ghost
  5454 | D:5      | Reached skill level 5 in Evocations
  5649 | D:6      | Identified the scarf "Ferch" {shadows, rPois rF+ Str+3
                  | SInv}
  5883 | D:7      | Reached XP level 10. HP: 56/61 MP: 10/10
  5921 | D:7      | Found a staircase to the Ecumenical Temple.
  5977 | Temple   | Entered the Ecumenical Temple
  6123 | Temple   | Became a worshipper of Warmaster Okawaru
  6286 | D:7      | Reached skill level 9 in Axes
  6728 | D:8      | Noticed Grum
  6728 | D:8      | Noticed Amaemon
  6728 | D:8      | Noticed an orange demon
  6754 | D:7      | Reached skill level 1 in Invocations
  6886 | D:8      | Noticed Psyche
  6907 | D:7      | Killed Amaemon
  7081 | Abyss:1  | Cast into level 1 of the Abyss (Psyche)
  7154 | Abyss:1  | Slain by an ettin zombie

Illustrated notes

Levels and vault maps discovered:
D:1:      kennysheep_arrival_forest, layout_loops_corners,
          dreamdust_wishing_well, hangedman_feature_mirror
D:2:      layout_basic, basic_ecumenical_altar
D:3:      layout_rooms, fedhas_altar_2, zin_scriptorium,
          nzn_hepliaklqana_mist_gate, gammafunk_ghost_grave, serial_shops, shop,
          hangedman_decor_points, minmay_starry_boxes, uniq_jessica,
          uniq_sigmund
D:4:      layout_rooms, nicolae_sif_muna_little_library
D:5:      layout_basic, eat_drink_and_be_merry_uskayaw, kennysheep_little_box,
          hangedman_abyss_or_decor_jellyfish_corner, uniq_edmund
D:6:      layout_cave_pods, biasface_ghost_orc_armoury,
          nicolae_ossuary_entry_monument, minmay_diced_spiral,
          uniq_blork_the_orc
D:7:      layout_loops_cross, minmay_temple_entry_water_ring,
          corexii_hall_statues_t
D:8:      nzn_winding_woodlands_medium [nzn_winding_woodlands_5x5_three,
          nzn_winding_woodlands_5x15_lazy_stream,
          nzn_winding_woodlands_hourglass,
          nzn_winding_woodlands_5x5_checkerboard,
          nzn_winding_woodlands_center_garden, nzn_winding_woodlands_5x5_cross,
          nzn_winding_woodlands_5x5_closed_star,
          nzn_winding_woodlands_5x15_split_checker,
          nzn_winding_woodlands_5x5_open_star], layout_loops_ring,
          grunt_temple_overflow_holy_war, nicolae_wu_jian_immortal_techniques,
          evilmike_ruin_ashenzari, serial_glass, glass_columns_a,
          glass_columns_a, minmay_puff, uniq_grum, uniq_amaemon, uniq_psyche,
          uniq_maurice
Temple:   minmay_temple_curvy_loop
Abyss:1:  base: D:1, gammafunk_corrupted_shrine

Skill      XL: |  1  2  3  4  5  6  7  8  9 10 |
---------------+-------------------------------+-----
Axes           | 2 3 4 5 7 8 9 |  9.3
Fighting       | 4 5 6 7 |  7.0
Armour         | 4 5 6 |  6.6
Evocations     | 1 2 3 4 5 |  5.7
Shields        | 4 5 |  5.9
Invocations    | 1 |  1.8

Action                     |  1- 3 |  4- 6 |  7- 9 | 10-12 || total
---------------------------+-------+-------+-------+-------++-------
  Melee: War axe           |   133 |    71 |   357 |   118 ||   679
    Use: Scroll            |     7 |     1 |    11 |     1 ||    20
         Potion            |       |     1 |       |       ||     1
 Armour: Scale mail        |    91 |    36 |    29 |       ||   156
         Plate armour      |       |       |   345 |   158 ||   503
         Skin              |       |       |       |     4 ||     4
  Dodge: Dodged            |    67 |    32 |   109 |    55 ||   263
  Block: Buckler           |    26 |     8 |    99 |    54 ||   187

Table legend: (Time is in decaauts)
 A = Elapsed time spent in this place.
 B = Non-inter-level travel time spent in this place.
 C = Inter-level travel time spent in this place.
 D = Time resting spent in this place.
 E = Time spent auto-exploring this place.
 F = Levels seen in this place.
 G = Mean time per level.
                   A        B        C        D        E       F      G
               +--------+--------+--------+--------+--------+-----+--------+
         Total |   7330 |   7124 |    206 |    880 |   4551 |  10 |  733.0 |
       Dungeon |   7038 |   6903 |    135 |    877 |   4384 |   8 |  879.8 |
        Temple |    218 |    147 |     71 |      0 |    136 |   1 |  218.0 |
         Abyss |     73 |     73 |      0 |      3 |     31 |   1 |   73.0 |
               +--------+--------+--------+--------+--------+-----+--------+

Top non-repeatable levels by time:
     D:6: 1281 daAuts
     D:5: 1177 daAuts
     D:7: 1156 daAuts
     D:1: 1049 daAuts
     D:2: 1006 daAuts
     D:3: 919 daAuts
     D:4: 439 daAuts
  Temple: 218 daAuts
 Abyss:1: 73 daAuts
     D:8: 7 daAuts
